 Dungeon Crawl Stone Soup version 0.29.1-12-g30fa7ad0bf (webtiles) character file.

Game seed: 11066977340213727039

790 LustLizard the Slasher (level 7, -4/44 HPs)
             Began as a Tengu Gladiator on Dec 14, 2022.
             Was a Follower of Qazlal.
             Slain by Maggie
             ... wielding a +0 morningstar
              (5 damage)
             ... on level 6 of the Dungeon.
             The game lasted 00:08:59 (4025 turns).

LustLizard the Slasher (Tengu Gladiator)            Turns: 4025, Time: 00:09:00

Health: -4/44      AC: 10    Str: 14    XL:     7   Next: 87%
Magic:  8/8        EV: 12    Int:  8    God:    Qazlal [*.....]
Gold:   283        SH:  1    Dex: 18    Spells: 6/6 levels left

rFire   + . .      SeeInvis .   a - +0 long sword
rCold   + . .      Faith    .   (no shield)
rNeg    . . .      Spirit   .   y - +4 scale mail
rPois   .          Reflect  .   c - +0 hat
rElec   .          Harm     .   v - scarf {rC+ rF+}
rCorr   .          Rampage  .   (no gloves)
Will    .....                   (boots unavailable)
Stlth   ..........              (no amulet)
HPRegen 0.14/turn               (no ring)
MPRegen 0.11/turn               (no ring)

@: mighty, flying quickly and evasively, mesmerised, quick
A: beak, talons 3, nimble flight
a: Renounce Religion


You were on level 6 of the Dungeon.
You worshipped Qazlal.
Qazlal was aware of your devotion.
You visited 1 branch of the dungeon, and saw 6 of its levels.

You collected 283 gold pieces.

Inventory:

Hand Weapons
 a - a +0 long sword (weapon)
Missiles
 d - a throwing net
 e - 3 javelins
 i - 17 stones (quivered)
 E - 5 poisoned darts
Armour
 b - a +0 leather armour
 c - a +0 hat (worn)
 j - a +0 scale mail
 o - a +2 robe of cold resistance
 u - a +2 leather armour of poison resistance
 v - a scarf of resistance (worn)
 w - a +1 leather armour of willpower
 y - a +4 scale mail (worn)
Wands
 F - a wand of roots (5)
Scrolls
 f - a scroll of torment {unknown}
 g - 5 scrolls of teleportation
 l - 2 scrolls of magic mapping
 m - a scroll of silence {unknown}
 p - 2 scrolls of fog {unknown}
 r - 2 scrolls of poison {unknown}
 x - a scroll of immolation {unknown}
 B - 2 scrolls of noise {unknown}
 C - 2 scrolls of identify
Potions
 h - a potion of might
 k - a potion of brilliance {unknown}
 n - 3 potions of curing
 q - a potion of invisibility {unknown}
 s - a potion of ambrosia {unknown}
 t - a potion of heal wounds {unknown}
 z - 2 potions of haste
 A - a potion of flight {unknown}
 D - a potion of magic {unknown}
 G - a potion of cancellation {unknown}
 H - a potion of mutation {unknown}
 I - a potion of degeneration {unknown}


   Skills:
 + Level 4.6 Fighting
 * Level 7.3 Long Blades
 + Level 4.6 Throwing
 - Level 3.2 Dodging


You had 6 spell levels left.
You didn't know any spells.
Your spell library was empty.

Dungeon Overview and Level Annotations

Branches:
Dungeon (6/15)
 Temple: D:4-7

Altars:
Fedhas
Kikubaaqudgha
Qazlal
Trog
Uskayaw
Yredelemnul

Annotations:
D:6 Maggie


Innate Abilities, Weirdness & Mutations

You have a beak for a mouth.
You have claws for feet.
Your magical nature lets you fly swiftly and evasively.


Message History

Something hits you but does no damage. Maggie misses you.
You cannot move away from Maggie!
Unknown command.
You cannot move away from Maggie!
You barely miss Maggie. Something hits you but does no damage.
Maggie hits you with a +0 morningstar.
You hit Maggie. You claw Maggie.
Maggie is lightly wounded.
An orc comes into view. It is wielding a +2 vorpal trident.
Something hits you but does no damage. Maggie hits you with a +0 morningstar.
You barely miss Maggie.
The orc shouts!
You claw Maggie, but do no damage.
Maggie is lightly wounded.
The orc barely misses you. Something hits you but does no damage.
Maggie hits you with a +0 morningstar.
You slash Maggie! You peck Maggie.
Maggie is moderately wounded.
Something hits you but does no damage. You block Maggie's attack.
The orc hits you but does no damage.
You hit Maggie.
Maggie is heavily wounded.
Something hits you but does no damage. Maggie hits you with a +0 morningstar!
The orc misses you.
You slash Maggie! You claw Maggie, but do no damage.
Maggie is severely wounded.
The orc hits you with a +0 short sword. The orc hits you but does no damage.
You hear some strange, mumbled words.
A magic dart appears from out of thin air!
The magic dart hits you!
* * * LOW HITPOINT WARNING * * *
Maggie barely misses you.
You feel very mighty all of a sudden. The orc completely misses you.
The orc hits you from afar with a +2 vorpal trident.
* * * LOW HITPOINT WARNING * * *
x2 You hear some strange, mumbled words.
Something tries to affect you, but you resist.
Maggie hits you with a +0 morningstar.
You die...

#.......#......
#.......#......
#.......#......
#............#
#............###
#..............
##............#
#....#........#
#.o@.#........#
#.{@.#........#
+..o.#........##
#....+.........#
#....#.........#
....##.........#
.#.#.##########.#
..#.... #<...# ..
#..... #.#..#


You could see Maggie (mesmerising) and 2 orcs.

Vanquished Creatures
  Sigmund (D:2)
  Duvessa (D:5)
  A phantom (D:4)
  A bullfrog (D:4)
  Dowan (D:5)
  A jelly (D:3)
  A hound (D:5)
  Jessica (D:2)
  2 iguanas (D:5)
  Ijyb (D:5)
  4 adders
  3 ufetubi
  9 worms
  2 dart slugs (D:3)
  13 orcs
  3 bats
  9 endoplasms
  3 giant cockroaches
  4 goblins
  3 hobgoblins
  7 kobolds
  6 quokkas
  6 ball pythons
  4 frilled lizards
  5 rats
92 creatures vanquished.

Notes
Turn   | Place    | Note
-------+----------+-------------------------------------------
     0 | D:1      | LustLizard the Tengu Gladiator began the quest for the Orb.
     0 | D:1      | Reached XP level 1. HP: 12/12 MP: 2/2
   264 | D:1      | Reached XP level 2. HP: 17/17 MP: 3/3
   833 | D:2      | Found a faded altar of an unknown god.
   927 | D:2      | Reached skill level 4 in Long Blades
   927 | D:2      | Reached XP level 3. HP: 22/22 MP: 4/4
  1200 | D:2      | Noticed Jessica
  1206 | D:2      | Reached XP level 4. HP: 22/27 MP: 5/5
  1210 | D:2      | Killed Jessica
  1554 | D:2      | Noticed Sigmund
  1570 | D:2      | Killed Sigmund
  1571 | D:2      | Reached skill level 5 in Long Blades
  1571 | D:2      | Gained mutation: Your magical nature lets you fly swiftly
                  | and evasively. [Tengu growth]
  1571 | D:2      | Reached XP level 5. HP: 31/32 MP: 6/6
  1571 | D:2      | Reached XP level 6. HP: 36/37 MP: 7/7
  1813 | D:3      | Found a bloodstained altar of Trog.
  2003 | D:3      | Found a blossoming altar of Fedhas.
  2147 | D:3      | Reached skill level 6 in Long Blades
  2153 | D:3      | Found a hide-covered altar of Uskayaw.
  2153 | D:3      | Found a stormy altar of Qazlal.
  2289 | D:3      | Found a basalt altar of Yredelemnul.
  2403 | D:3      | Became a worshipper of Qazlal Stormbringer
  2573 | D:4      | Reached XP level 7. HP: 35/43 MP: 8/8
  3166 | D:5      | Entered Level 5 of the Dungeon
  3188 | D:5      | Found an ancient bone altar of Kikubaaqudgha.
  3398 | D:5      | Noticed Duvessa
  3425 | D:5      | Killed Duvessa
  3426 | D:5      | Reached skill level 7 in Long Blades
  3446 | D:5      | Noticed Dowan
  3458 | D:5      | Killed Dowan
  3481 | D:5      | Reached * piety under Qazlal
  3543 | D:5      | Identified the +0 ring mail of the Game Afoot {*Slow rF++}
  3581 | D:5      | Noticed Ijyb
  3605 | D:5      | Killed Ijyb
  4006 | D:6      | Noticed Maggie
  4025 | D:6      | HP: 1/44 [orc/+2 vorpal trident (2)]
  4025 | D:6      | Slain by Maggie

Illustrated notes

Levels and vault maps discovered:
D:1:      minmay_arrival_checkered_box, layout_loops_ring
D:2:      layout_basic, basic_ecumenical_altar, chequers_jeans, uniq_jessica,
          uniq_sigmund
D:3:      layout_basic, mainiacjoe_overflow_tiny_flanked,
          gammafunk_temple_overflow_pools, fedhas_altar_1,
          mainiacjoe_overflow_cross_hatched
D:4:      layout_loops_ring, hangedman_abyss_or_decor_stagger,
          ebering_dispersal_statue_hall, small_statue_intersection,
          nicolae_wormholes
D:5:      layout_basic, mainiacjoe_overflow_paths, uniq_ijyb, uniq_duvessa
D:6:      minmay_klotski, layout_basic, minivault_23, uniq_menkaure, uniq_maggie

Skill      XL: |  1  2  3  4  5  6  7 |
---------------+----------------------+-----
Long Blades    | 4 5 6 7 |  7.3
Fighting       | 3 4 |  4.6
Throwing       | 3 4 |  4.6
Dodging        | |  3.2

Action                   |  1- 3 |  4- 6 |  7- 9 || total
-------------------------+-------+-------+-------++-------
Melee: Long sword        |    66 |    80 |    73 ||   219
       Kick              |    12 |    19 |    18 ||    49
       Peck              |    13 |    12 |    13 ||    38
       Punch             |       |     4 |       ||     4
Throw: Stone             |     5 |     5 |     9 ||    19
       Dart              |       |     6 |    12 ||    18
       Throwing net      |       |     1 |     1 ||     2
  Use: Scroll            |     2 |     1 |     2 ||     5
       Potion            |       |       |     1 ||     1
 Stab: Held in net/web   |       |     1 |     1 ||     2
Armor: Scale mail        |    26 |    23 |    32 ||    81
Dodge: Dodged            |    28 |    26 |    44 ||    98
Block: Other             |       |       |     1 ||     1
